 Dungeon Crawl Stone Soup version 0.31-a0-569-g7ea453304b (webtiles) character file.

Game seed: 17281152725654740369

525 Ethylacetat the Ducker (level 7, -9/48 HPs)
             Began as an Octopode Gladiator on Aug 18, 2023.
             Was an Initiate of Gozag.
             Mangled by an ogre
             ... wielding a +0 giant club
              (26 damage)
             ... on level 6 of the Dungeon.
             The game lasted 00:05:59 (3663 turns).

Ethylacetat the Ducker (Octopode Gladiator)         Turns: 3663, Time: 00:06:00

Health: -9/48      AC:  1    Str: 13    XL:     7   Next: 23%
Magic:  7/7        EV: 15    Int: 10    God:    Gozag
Gold:   301        SH:  5    Dex: 16    Spells: 6/6 levels left

rFire   . .          .
                       - Unarmed
rCold   . . .        (no shield)
rNeg    . . .        a - +0 hat
rPois   .            s - amulet of reflection
rElec   .            (no ring)
rCorr   .            (no ring)
SInv    .            (no ring)
Will    .....        (no ring)
Stlth   ++           (no ring)
HPRegen 0.28/turn    (no ring)
MPRegen 0.10/turn    (no ring)
                     (no ring)

%: reflection
@: no status effects
A: almost no armour, amphibious, 8 rings, camouflage 1, gelatinous body 1,
(nimble swimmer 1), tentacles
a: Renounce Religion, Potion Petition, Call Merchant, Bribe Branch


You were on level 6 of the Dungeon.
You worshipped Gozag.
Gozag was aware of your devotion.
You visited 2 branches of the dungeon, and saw 7 of its levels.

You collected 371 gold pieces.
You paid 70 gold pieces to Gozag.

Inventory:

Missiles
 b - 7 throwing nets (quivered)
 c - a javelin
Armour
 a - a +0 hat (worn)
Jewellery
 s - an amulet of reflection (around mantle)
Talismans
 j - a serpent talisman
Wands
 e - a wand of paralysis (9)
Scrolls
 d - a scroll of identify {unknown}
 f - a scroll of silence {unknown}
 g - 2 scrolls of immolation {unknown}
 h - 5 scrolls of teleportation {unknown}
 i - a scroll of brand weapon {unknown}
 n - 2 scrolls of revelation {unknown}
 q - a scroll of poison {unknown}
 t - a scroll of noise {unknown}
 u - a scroll of fear {unknown}
Potions
 k - a potion of degeneration {unknown}
 l - a potion of ambrosia {unknown}
 m - 2 potions of enlightenment {unknown}
 o - a potion of berserk rage {unknown}
 p - a potion of haste {unknown}
 r - a potion of lignification {unknown}


   Skills:
 + Level 4.0 Fighting
 - Level 2.0 Throwing
 + Level 4.6 Dodging
 + Level 4.5 Unarmed Combat
 * Level 3.2 Shapeshifting


You had 6 spell levels left.
You didn't know any spells.
Your spell library was empty.

Dungeon Overview and Level Annotations

Branches:
Dungeon (6/15)             Temple (1/1) D:4

Altars:
Ashenzari
Cheibriados
Elyvilon
Fedhas
Gozag
Hepliaklqana
Makhleb
Nemelex Xobeh
Qazlal
Ru
Sif Muna
Trog
Vehumet
Xom
Yredelemnul
Zin
The Shining One

Annotations:
D:4 1 runed translucent door, Crazy Yiuf


Innate Abilities, Weirdness & Mutations

You cannot wear most types of armour.
You are amphibious.
You can wear up to eight rings at the same time.
Your skin changes colour to match your surroundings (Stealth+).
Your rubbery body absorbs attacks. (AC +1, EV +1)
((You are camouflaged when in or above water. (Stealth+)))
You have tentacles for arms and can constrict up to eight enemies at once.


Message History

No target in view!
You see here a +0 short sword.
Items here: ( ))).
Key pressed, stopping explore.
No target in view!
No target in view!
No target in view!
No target in view!
Partly explored, can't reach some places.
No target in view!
Partly explored, can't reach some places.
You see here a +0 pair of gloves.
Items here: ( ))).
You see here a +0 short sword.
There is an escape hatch in the floor here.
There is a stone staircase leading down here.
You climb downwards.
There is a stone staircase leading up here.
Found 2 poisoned darts.
No target in view!
You see here 2 poisoned darts.
Found a broken altar of Ashenzari.
No target in view!
No target in view!
You now have 301 gold pieces (gained 13).
An ogre comes into view. It is wielding a +0 giant club.
The ogre shouts!
You tentacle-slap the ogre but do no damage.
You tentacle-slap the ogre.
The ogre is lightly wounded.
The ogre hits you with a +0 giant club!!
Ouch! That really hurt!
Aiming: Paralyse
Press: ? - help, Shift-Dir - straight line, f - ogre
Aim: an ogre, wielding a +0 giant club (lightly wounded, chance to affect: 49%)
The ogre resists with some effort.
The ogre hits you with a +0 giant club!!
Ouch! That really hurt!
You die...
Your body crumbles into a pile of gold.

.# ###.. #.#####...
#........ ##......
#....... .# #.....#
..# #....O##.##.#
###@.......
#.........#
#####..........
#.......###....
#.##....#_#....
#.###.##....#+#....
#.......#####.######
#####.### #.#.....<#
#.#####.#####.##


You could see an ogre.

Vanquished Creatures
  An ogre (D:5)
  A kobold brigand (D:5)
  A howler monkey (D:4)
  2 hounds
  2 iguanas
  An orc wizard (D:4)
  A statue (D:3)
  5 adders
  4 gnolls (D:5)
  2 shadow imps (D:5)
  An ufetubus (D:4)
  2 worms (D:2)
  3 dart slugs
  3 orcs
  4 ball pythons
  3 bats (D:2)
  3 endoplasms
  3 goblins
  4 hobgoblins
  4 jackals
  4 quokkas
  4 frilled lizards
  11 kobolds
  4 rats
73 creatures vanquished.

Notes
Turn   | Place    | Note
-------+----------+-------------------------------------------
     0 | D:1      | Ethylacetat the Octopode Gladiator began the quest for the
                  | Orb.
     0 | D:1      | Reached XP level 1. HP: 14/14 MP: 1/1
   141 | D:1      | You fall into a shaft and drop 1 floor!
   242 | D:2      | Reached XP level 2. HP: 16/19 MP: 2/2
   302 | D:2      | Reached XP level 3. HP: 13/25 MP: 3/3
   896 | D:3      | Found a radiant altar of Vehumet.
   896 | D:3      | Noticed a charred statue
  1142 | D:3      | Reached XP level 4. HP: 27/30 MP: 4/4
  1207 | D:3      | Reached skill level 1 in Shapeshifting
  1602 | D:3      | Killed a charred statue
  1603 | D:3      | Reached XP level 5. HP: 13/36 MP: 5/5
  1706 | D:4      | Found a staircase to the Ecumenical Temple.
  1731 | Temple   | Entered the Ecumenical Temple
  1746 | Temple   | Became a worshipper of Gozag Ym Sagoz the Greedy
  2072 | D:4      | Reached XP level 6. HP: 42/42 MP: 6/6
  2300 | D:4      | Found a runed translucent door.
  2307 | D:4      | Noticed Crazy Yiuf
  2457 | D:4      | Found a sacrificial altar of Ru.
  2700 | D:5      | Entered Level 5 of the Dungeon
  3143 | D:5      | Reached XP level 7. HP: 40/47 MP: 7/7
  3651 | D:6      | Found a broken altar of Ashenzari.
  3663 | D:6      | Mangled by an ogre

Illustrated notes

Levels and vault maps discovered:
D:1:      lightli_arrival_farm, layout_basic
D:2:      layout_loops_cross, minmay_fractal_squares_5
D:3:      layout_basic, vehumet_statue
D:4:      layout_basic, lemuel_doored_altar, minmay_temple_entry_mini_moons,
          kennysheep_decorative_pillar, uniq_crazy_yiuf_cottage
D:5:      layout_rooms, grunt_decor_arrowhead, lexackson_kobold_supper
D:6:      layout_loops_cross, ashenzari_conservatory_becter
Temple:   nicolae_temple_superstar

Skill      XL: |  1  2  3  4  5  6  7 |
---------------+----------------------+-----
Fighting       | 3 4 |  4.0
Shapeshifting  | 1 2 3 |  3.2
Dodging        | 4 |  4.6
Unarmed Combat | 4 |  4.5
Throwing       | |  2.0

Action                     |  1- 3 |  4- 6 |  7- 9 || total
---------------------------+-------+-------+-------++-------
  Melee: Unarmed           |    68 |   107 |    20 ||   195
         Constrict         |    20 |    22 |     4 ||    46
         Tentacles         |    11 |    32 |     1 ||    44
         Punch             |     2 |     9 |       ||    11
  Evoke: Wand              |       |     1 |     1 ||     2
    Use: Potion            |       |     1 |       ||     1
   Stab: Sleeping          |     8 |     4 |       ||    12
         Paralysed         |       |     5 |       ||     5
 Armour: Skin              |     5 |     1 |       ||     6
  Dodge: Dodged            |    40 |    55 |    10 ||   105
  Block: Other             |       |     8 |     2 ||    10

Table legend: (Time is in decaauts)
 A = Elapsed time spent in this place.
 B = Non-inter-level travel time spent in this place.
 C = Inter-level travel time spent in this place.
 D = Time resting spent in this place.
 E = Time spent auto-exploring this place.
 F = Levels seen in this place.
 G = Mean time per level.
                   A        B        C        D        E       F      G
               +--------+--------+--------+--------+--------+-----+--------+
         Total |   3648 |   3480 |    168 |    120 |   2812 |   7 |  521.1 |
       Dungeon |   3622 |   3478 |    144 |    120 |   2812 |   6 |  603.7 |
        Temple |     26 |      2 |     24 |      0 |      0 |   1 |   26.0 |
               +--------+--------+--------+--------+--------+-----+--------+

Top non-repeatable levels by time:
     D:4: 1076 daAuts
     D:5: 898 daAuts
     D:3: 763 daAuts
     D:2: 711 daAuts
     D:1: 140 daAuts
     D:6: 31 daAuts
  Temple: 26 daAuts
